 Dungeon Crawl Stone Soup version 0.22.1-5-g62c59d919a (webtiles) character file.

1729 Riddle the Fighter (level 9, -3/74 HPs)
             Began as a Formicid Monk on Jan 9, 2019.
             Slain by an orc warrior
             ... wielding a +0 glaive
              (10 damage)
             ... on level 6 of the Dungeon.
             The game lasted 00:11:55 (6515 turns).

Riddle the Fighter (Formicid Monk)                  Turns: 6515, Time: 00:11:56

Health: -3/74      AC: 11    Str: 19      XL:     9   Next: 25%
Magic:  9/9        EV:  8    Int: 16      God:
Gold:   311        SH:  0    Dex: 10 (13) Spells: 8/8 levels left

rFire    + . .     SeeInvis +   b - +2 hand axe (flame)
rCold    + . .     Gourm    .   (no shield)
rNeg     . . .     Faith    .   C - +0 chain mail
rPois    +         Spirit   .   (helmet unavailable)
rElec    .         Reflect  .   B - scarf {rC+ rF+}
rCorr    .         Harm     .   x - +0 pair of gloves
MR       .....                  (no boots)
Stlth    ..........             D - amulet of regeneration
HPRegen  0.62/turn              i - +6 ring of intelligence
MPRegen  0.11/turn              n - ring of poison resistance

@: drained
A: permanent stasis, dig shafts and tunnels, four strong arms, antennae 3
a: Dig, Shaft Self


You were on level 6 of the Dungeon.
You were very hungry.

You visited 1 branch of the dungeon, and saw 6 of its levels.

You collected 311 gold pieces.

Inventory:

Hand Weapons
 b - a +2 hand axe of flaming (weapon)
 f - a +0 hunting sling
 G - a +0 hunting sling of freezing
Missiles
 g - 100 stones (quivered)
 j - 63 sling bullets
Armour
 x - a +0 pair of gloves (worn)
 B - a scarf of resistance (worn)
 C - a +0 chain mail (worn)
Jewellery
 i - a +6 ring of intelligence (left hand)
 n - a ring of poison resistance (right hand)
 D - an amulet of regeneration (around neck)
Wands
 y - a wand of iceblast (8)
Scrolls
 a - 3 scrolls of teleportation {unknown}
 d - a scroll of random uselessness {unknown}
 e - a scroll of immolation {unknown}
 m - 5 scrolls of remove curse
 o - a scroll of amnesia {unknown}
 q - 5 scrolls of enchant weapon {unknown}
 r - a scroll of enchant armour {unknown}
 s - a scroll of magic mapping {unknown}
 t - 4 scrolls of identify {unknown}
 A - 2 scrolls of blinking {unknown}
 H - a scroll of fear {unknown}
Potions
 h - a potion of might {unknown}
 k - a potion of lignification {unknown}
 l - 2 potions of haste {unknown}
 p - 3 potions of flight {unknown}
 u - 3 potions of degeneration {unknown}
 v - a potion of magic {unknown}
 w - a potion of cancellation {unknown}
 z - 3 potions of curing {unknown}
 E - a potion of resistance {unknown}
 F - a potion of brilliance {unknown}
Comestibles
 c - 10 rations


   Skills:
 + Level 8.3(7.4) Fighting
 + Level 6.2(5.4) Axes
 + Level 7.5(6.7) Armour
 - Level 2.6(1.9) Dodging
 - Level 2.4(1.7) Stealth


You had 8 spell levels left.
You didn't know any spells.
Your spell library contained the following spells:

 Spells                   Type           Power        Failure   Level  Hunger
 Magic Dart               Conj           #...         94%         1    ##.....
 Searing Ray              Conj           #.....       98%         2    ###....
 Dazzling Spray           Conj/Hex       #.....       100%        3    ####...
 Force Lance              Conj/Tloc      #.......     100%        4    #####..
 Fulminant Prism          Conj/Hex       #.........   100%        4    #####..
 Iskenderun's Mystic Bla  Conj           #.......     100%        4    #####..


Dungeon Overview and Level Annotations

Branches:
Dungeon (6/15)
 Temple: D:4-7

Altars:
Ashenzari
Dithmenos
Okawaru
Trog
Yredelemnul


Innate Abilities, Weirdness & Mutations

You cannot be hasted, slowed, berserked, paralysed or teleported.
You can dig through walls and to a lower floor.
Your four strong arms can wield two-handed weapons with a shield.
You have a pair of large antennae on your head. (SInv)


Message History

You are too injured to fight recklessly!
You are too injured to fight recklessly!
You are too injured to fight recklessly!
You are too injured to fight recklessly!
You are too injured to fight recklessly!
You are too injured to fight recklessly!
You are too injured to fight recklessly!
You are too injured to fight recklessly!
You hit the orc warrior. You burn the orc warrior.
The orc warrior is moderately wounded.
The orc warrior hits you with a glaive!!
* * * LOW HITPOINT WARNING * * *
You hit the orc warrior but do no damage.
The orc warrior is moderately wounded.
The orc warrior hits you with a glaive!
* * * LOW HITPOINT WARNING * * *
You extend your mandibles.
You dig through the rock wall.
The orc warrior hits you from afar with a glaive!
You die...

#........##########...###
#........................
#.......o##########...###
..........########
#......
.........{{{......
+....##
.........#{#########....#
#.......##o.......####.#
#.......#.#.#####. #.#
#.......@##.# #..
#.......## .# #..
#.......# .# #..
#########.......###.#
.......########...#.#
.......# #........#.#
.......#
#.####...#+###########
.......#
#....................#
.......#
#..###...............#


You could see an orc warrior.

Vanquished Creatures
  Sigmund (D:2)
  A sky beast (D:5)
  2 ice beasts (D:5)
  2 ogres
  A centaur (D:3)
  A bullfrog (D:6)
  3 scorpions
  3 wights (D:5)
  2 quasits (D:6)
  3 hounds
  2 bullfrog skeletons (D:4)
  2 orc priests (D:4)
  A centaur skeleton (D:4)
  Jessica (D:2)
  Ijyb (D:4)
  4 orc wizards
  3 worker ants
  A hound zombie (D:4)
  A hound skeleton (D:5)
  6 adders
  An ooze (D:1)
  An adder skeleton (D:6)
  4 worms
  6 dart slugs
  A leopard gecko (D:3)
  14 orcs
  11 bats
  4 giant cockroaches
  7 goblins
  5 hobgoblins
  6 jackals
  6 kobolds
  5 quokkas
  2 ball pythons (D:4)
  2 frilled lizards
  A leopard gecko zombie (D:5)
  5 rats
122 creatures vanquished.

Vanquished Creatures (others)
  A goblin (D:1)
1 creature vanquished.

Grand Total: 123 creatures vanquished

Notes
Turn   | Place    | Note
-------+----------+-------------------------------------------
     0 | D:1      | Riddle the Formicid Monk began the quest for the Orb.
     0 | D:1      | Reached XP level 1. HP: 18/18 MP: 1/1
    40 | D:1      | Reached skill level 1 in Armour
    40 | D:1      | Reached XP level 2. HP: 13/24 MP: 2/2
   559 | D:1      | Reached XP level 3. HP: 29/30 MP: 3/3
   632 | D:1      | Reached skill level 4 in Fighting
  1334 | D:2      | Found a shattered altar of Ashenzari.
  1575 | D:2      | Noticed Sigmund
  1599 | D:2      | Killed Sigmund
  1599 | D:2      | Reached skill level 5 in Fighting
  1599 | D:2      | Reached XP level 4. HP: 13/39 MP: 4/4
  1599 | D:2      | Reached XP level 5. HP: 15/44 MP: 5/5
  1599 | D:2      | Reached XP level 6. HP: 17/51 MP: 6/6
  1805 | D:2      | Noticed Jessica
  1816 | D:2      | Killed Jessica
  2731 | D:3      | Reached skill level 6 in Fighting
  2731 | D:3      | Reached XP level 7. HP: 34/58 MP: 7/7
  3338 | D:4      | Noticed Ijyb
  3354 | D:4      | Killed Ijyb
  3354 | D:4      | Reached skill level 5 in Armour
  3964 | D:4      | Reached XP level 8. HP: 62/65 MP: 8/8
  4698 | D:5      | Entered Level 5 of the Dungeon
  4878 | D:5      | Reached skill level 7 in Fighting
  4975 | D:5      | Reached skill level 5 in Axes
  5327 | D:5      | Found a basalt altar of Yredelemnul.
  5545 | D:5      | Reached XP level 9. HP: 55/74 MP: 9/9
  5610 | D:5      | Found an iron altar of Okawaru.
  5927 | D:6      | Reached skill level 8 in Fighting
  6416 | D:6      | Found a shadowy altar of Dithmenos.
  6417 | D:6      | Found a bloodstained altar of Trog.
  6515 | D:6      | Slain by an orc warrior

Skill      XL: |  1  2  3  4  5  6  7  8  9 |
---------------+----------------------------+-----
Armour         | 1 4 5 7 |  7.5
Fighting       | 5 6 7 8 |  8.3
Axes           | 4 5 6 |  6.2
Dodging        | |  2.6
Stealth        | |  2.4

Action                   |  1- 3 |  4- 6 |  7- 9 || total
-------------------------+-------+-------+-------++-------
Melee: Hand axe          |   116 |    65 |   352 ||   533
 Abil: Dig               |     2 |       |     8 ||    10
  Use: Potion            |     1 |       |       ||     1
       Scroll            |       |       |     1 ||     1
 Stab: Sleeping          |    10 |     1 |       ||    11
  Eat: Chunk             |     2 |     4 |    12 ||    18
Armor: Robe              |    15 |     3 |       ||    18
       Ring mail         |       |    14 |    25 ||    39
       Chain mail        |       |       |   215 ||   215
Dodge: Dodged            |    68 |    37 |   177 ||   282
